 Dungeon Crawl Stone Soup version 0.28.0-53-g5a82cb258f (webtiles) character file.

Game seed: 2445332820490439503

9287 CryoSword the Tainter (level 11, -2/78 (80) HPs)
             Began as a Demonspawn Fighter on May 26, 2022.
             Was an Elder of Sif Muna.
             Slain by a wight
             ... wielding a +5 long sword
              (11 damage)
             ... on level 10 of the Dungeon.
             The game lasted 00:19:28 (12164 turns).

CryoSword the Tainter (Demonspawn Fighter)         Turns: 12164, Time: 00:19:28

HP:   -2/78 (80)    AC:  5    Str: 18    XL:     11   Next: 21%
MP:   3/15          EV: 12    Int: 12    God:    Sif Muna [****..]
Gold: 377           SH:  6    Dex: 13    Spells: 9/16 levels left

rFire   . . .      SeeInvis +   g - +2 war axe (venom)
rCold   . . .      Faith    .   c - +0 buckler
rNeg    . . .      Spirit   .   I - +0 troll leather armour
rPois   .          Reflect  .   (helmet restricted)
rElec   .          Harm     .   t - scarf {repulsion}
rCorr   .          Rampage  .   (no gloves)
Will    .....                   k - +0 pair of boots
Stlth   ++........              a - amulet of regeneration
HPRegen 1.83/turn               h - ring of wizardry
MPRegen 0.14/turn               J - ring of see invisible

@: on berserk cooldown, hasted and slowed, lightly drained, repel missiles
A: antennae 2, demonic magic 2
a: Renounce Religion, Channel Magic, Forget Spell, Divine Exegesis


You were on level 10 of the Dungeon.
You worshipped Sif Muna.
Sif Muna was greatly pleased with you.
You visited 1 branch of the dungeon, and saw 10 of its levels.

You collected 526 gold pieces.
You spent 149 gold pieces at shops.

Inventory:

Hand Weapons
 g - a +2 war axe of venom (weapon)
   (You bought it in a shop on level 4 of the Dungeon)
Missiles
 d - 3 boomerangs
 l - 5 poisoned darts
 A - 3 curare-tipped darts
Armour
 b - a +0 scale mail
 c - a +0 buckler (worn)
 k - a +0 pair of boots (worn)
   (You found it on level 5 of the Dungeon)
 t - a scarf of repulsion (worn)
   (You found it on level 4 of the Dungeon)
 u - a +2 kite shield
   (You found it on level 5 of the Dungeon)
 I - a +0 troll leather armour (worn)
   (You found it on level 9 of the Dungeon)
Jewellery
 a - an amulet of regeneration (around neck)
   (You found it on level 5 of the Dungeon)
 h - a ring of wizardry (left hand)
   (You found it on level 2 of the Dungeon)
 z - a ring of ice
   (You found it on level 6 of the Dungeon)
 J - a ring of see invisible (right hand)
   (You found it on level 9 of the Dungeon)
 L - a ring of resist corrosion
   (You took it off a vampire on level 8 of the Dungeon)
Wands
 B - a wand of iceblast (3) (quivered)
   (You found it on level 9 of the Dungeon)
Scrolls
 f - 4 scrolls of enchant weapon {unknown}
 i - 3 scrolls of fog
 m - 6 scrolls of teleportation {@r4}
 o - a scroll of noise {unknown}
 q - 2 scrolls of amnesia {unknown}
 v - a scroll of magic mapping
 w - a scroll of holy word {unknown}
 y - a scroll of enchant armour {unknown}
 D - a scroll of vulnerability {unknown}
 F - 2 scrolls of identify {@r1}
 G - 2 scrolls of fear {unknown}
Potions
 e - 4 potions of mutation {!q}
 j - a potion of berserk rage
 n - a potion of brilliance {unknown}
 r - 2 potions of curing {unknown}
 s - 4 potions of attraction {!q}
 x - a potion of heal wounds {unknown}
 C - a potion of resistance {unknown}
 E - a potion of flight {unknown}
 H - a potion of invisibility {unknown}
 K - a potion of might


   Skills:
 + Level 5.4 Fighting
 + Level 7.1 Axes
 - Level 3.0 Armour
 - Level 3.0 Dodging
 + Level 3.8 Stealth
 * Level 7.2 Shields
 - Level 3.0 Spellcasting
 - Level 3.0 Transmutations
 - Level 4.0 Air Magic
 * Level 9.3 Poison Magic
 + Level 5.1 Invocations


You had 9 spell levels left.
You knew the following spells:

 Your Spells              Type           Power      Damage    Failure   Level
a - Sting                 Tmut/Pois      64%        1d6       1%          1
b - Poisonous Vapours     Pois/Air       34%        N/A       1%          2
c - Olgreb's Toxic Radia  Pois           24%        N/A       3%          4

Your spell library contained the following spells:

 Spells                   Type           Power      Damage    Failure   Level
 Spider Form              Tmut/Pois      16%        N/A       3%          3
 Beastly Appendage        Tmut           18%        N/A       4%          1
 Wereblood                Tmut           9%         N/A       6%          2
 Animate Skeleton         Necr           2%         N/A       16%         1
 Apportation              Tloc           2%         N/A       16%         1
 Summon Small Mammal      Summ           4%         N/A       16%         1
 Ensorcelled Hibernation  Hex/Ice        2%         N/A       22%         2
 Iskenderun's Mystic Bla  Conj/Tloc      1%         2d3       78%         4
 Passage of Golubria      Tloc           1%         N/A       78%         4
 Metabolic Englaciation   Hex/Ice        0%         N/A       98%         5


Dungeon Overview and Level Annotations

Branches:
Dungeon (10/15)            Temple (0/1) D:6            Lair (0/6) D:8
    Orc (0/2) D:9

Altars:
Kikubaaqudgha
Makhleb
Okawaru
Qazlal
Ru
Sif Muna
Trog
Zin

Shops:
D:4 (


Innate Abilities, Weirdness & Mutations

You have a pair of antennae on your head.
Spells you cast may paralyse nearby enemies.


Message History

An orc is nearby!
An orc warrior comes into view. It is wielding a +0 trident.
The orc warrior shouts!
A kobold comes into view. It is wielding a +0 dagger.
The kobold brigand shouts!
The kobold shouts!
You hear a shout!
There is a stone staircase leading up, spattered with blood here.
You hit the orc.
The orc is poisoned.
An orc wizard comes into view. It is wielding a +0 dagger.
The kobold throws a boomerang.
The boomerang misses you. The orc closely misses you.
The orc wizard shouts!
You hit the orc.
You kill the orc!
Sif Muna accepts your kill.
The kobold throws a boomerang.
The boomerang barely misses you.
The kobold brigand throws a poisoned dart.
The poisoned dart completely misses you.
You begin to radiate toxic energy.
The orc warrior is poisoned.
The orc priest shouts!
The orc priest is poisoned.
The orc wizard is poisoned.
The kobold brigand is poisoned.
The kobold is poisoned.
Malevolent energies surge around you.
The orc warrior looks even sicker.
The orc priest looks even sicker.
You kill the kobold!
Sif Muna accepts your kill.
You hear a shout!
The orc priest looks even sicker.
The orc wizard looks even sicker.
The kobold brigand looks even sicker.
The kobold is poisoned.
Your toxic aura wanes.
The kobold brigand throws a poisoned dart.
You block the poisoned dart.
You begin to radiate toxic energy.
The howler monkey howls!
The howler monkey is poisoned.
The orc warrior looks even sicker.
The orc is poisoned.
The orc priest looks as sick as possible!
The kobold brigand looks even sicker.
The kobold looks even sicker.
Malevolent energies surge around you.
The orc warrior suddenly stops moving!
The howler monkey looks even sicker.
The orc warrior looks as sick as possible!
The orc wizard looks even sicker.
The kobold brigand looks as sick as possible!
You kill the kobold!
Sif Muna accepts your kill.
You can now call upon Sif Muna to cast any spell from your library.
The howler monkey hoots and howls with incredible vigour!
You hear a bellow!
You hear a shout!
The howler monkey looks even sicker.
You kill the orc!
Sif Muna accepts your kill.
The orc priest looks as sick as possible!
Your toxic aura wanes.
You kill the orc priest!
Sif Muna accepts your kill.
You kill the orc wizard!
Sif Muna accepts your kill.
The helpless orc warrior fails to defend itself.
You slash the orc warrior!
You kill the orc warrior!
Sif Muna accepts your kill.
You don't have enough magic to cast this spell.
You slash the kobold brigand!
You kill the kobold brigand!
Sif Muna accepts your kill.
Erica casts a spell.
Erica flickers and vanishes for a moment.
The howler monkey hoots and howls with incredible vigour!
Erica points at you and mumbles some strange words.
The bolt of poison misses you.
There is a stone staircase leading up, spattered with blood here.
Erica casts a spell at you.
You are confused.
You kill the howler monkey!
Sif Muna accepts your kill. Erica casts a spell at you.
You resist with significant effort.
You're too confused to cast spells.
You closely miss Erica.
Erica screams, "Hurry, death AWAITS you!"
Erica casts a spell at you.
You feel yourself slow down.
You closely miss Erica.
You feel less confused.
Erica hits you with a +0 scimitar of flaming!
Erica burns you. Erica casts a spell at you.
The lance of force is repelled.
You begin to radiate toxic energy.
Erica is poisoned.
Malevolent energies surge around you.
A wight comes into view. It is wielding a +0 great sword.
Erica hits you with a +0 scimitar of flaming.
Erica burns you.
A red film seems to cover your vision as you go berserk!
You feel yourself moving faster!
You feel mighty!
Erica looks even sicker.
Your toxic aura wanes.
You block Erica's attack.
A wight comes into view. It is wielding a +4 long sword.
Erica hits you with a +0 scimitar of flaming!
Erica burns you.
You closely miss Erica. You block Erica's attack.
You completely miss Erica.
Erica hits you with a +0 scimitar of flaming!
Erica burns you!
You slash Erica!
Erica looks as sick as possible!
Erica casts a spell at you. The bolt of poison hits you!!
You are poisoned.
* * * LOW HITPOINT WARNING * * *
The bolt of poison hits the wight.
The wight completely resists.
The bolt of poison hits the wight.
The wight completely resists.
You slice Erica!!
Erica looks as sick as possible!
You closely miss the wight.
You feel very sick. Erica gestures at you while chanting.
The lance of force hits you!
* * * LOW HITPOINT WARNING * * *
You are knocked back by the lance of force.
You collide with the wight!
* * * LOW HITPOINT WARNING * * *
A wight comes into view. It is wielding a +5 long sword.
You block the wight's attack.
You slash Erica! You slash the wight!
You destroy the wight!
Sif Muna accepts your kill.
You feel sick. Erica barely misses you.
A wight comes into view. It is wielding a +0 short sword.
Erica closely misses you.
You slash Erica!
You kill Erica!
Sif Muna accepts your kill.
You hit the wight.
You feel sick.
The wight hits you with a +4 long sword!
* * * LOW HITPOINT WARNING * * *
Your Invocations skill increases to level 5!
You hit the wight.
You feel sick. The wight completely misses you.
You barely miss the wight.
You feel sick.
The wight hits you with a +4 long sword!
* * * LOW HITPOINT WARNING * * *
You barely miss the wight.
You are no longer berserk.
You are exhausted.
You feel as though you will be slow longer.
You feel sick.
The wight hits you with a +4 long sword.
* * * LOW HITPOINT WARNING * * *
You feel drained.
You feel yourself speed up.
You feel sick.
You are no longer poisoned.
You block the wight's attack.
The wight hits you with a +5 long sword!
You die...

..................
#................
#...>...........
##..............
#..#.............
#..
#.............. .
#.z.(...........
#zz.............
#.@†............
#.).............
#....<..........
#....)..........
#......)........ .
#.......).......
..
.)........)......
K).
###)..............
K$.
............)....


You could see 3 wights.

Vanquished Creatures
  Erica (D:10)
  3 komodo dragons (D:8)
  2 trolls (D:9)
  A wyvern (D:8)
  Sigmund (D:2)
  A vampire (D:8)
  A basilisk (D:8)
  16 yaks
  4 steam dragons
  2 water moccasins
  5 orc warriors
  3 sky beasts
  A necrophage (D:6)
  A swamp drake (D:8)
  A black bear (D:3)
  3 ogres
  A centaur (D:9)
  A kobold brigand (D:10)
  4 bullfrogs
  3 water moccasin zombies
  5 scorpions
  2 water moccasin skeletons
  6 killer bees (D:8)
  6 wights
  A howler monkey (D:10)
  A centaur zombie (D:6)
  A bullfrog zombie (D:6)
  2 jellies
  7 orc priests
  4 hounds
  2 bullfrog skeletons (D:6)
  A gnoll shaman (D:6)
  Jessica (D:2)
  An iguana (D:6)
  7 orc wizards
  2 killer bee zombies
  A hound skeleton (D:4)
  Robin (D:2)
  7 gnolls
  6 adders
  7 river rats (D:9)
  5 white imps
  An ufetubus (D:5)
  An adder skeleton (D:2)
  A worm (D:2)
  3 dart slugs
  43 orcs
  7 bats
  4 endoplasms
  5 giant cockroaches
  8 goblins
  7 hobgoblins
  10 jackals
  A quokka (D:2)
  4 ball pythons
  2 frilled lizards (D:2)
  13 kobolds
  19 rats
260 creatures vanquished.

Vanquished Creatures (others)
  A fungus (D:6)
1 creature vanquished.

Grand Total: 261 creatures vanquished

Notes
Turn   | Place    | Note
-------+----------+-------------------------------------------
     0 | D:1      | CryoSword the Demonspawn Fighter began the quest for the
                  | Orb.
     0 | D:1      | Reached XP level 1. HP: 18/18 MP: 1/1
   285 | D:1      | Gained mutation: Spells you cast may paralyse adjacent
                  | enemies. [demonic ancestry]
   285 | D:1      | Reached XP level 2. HP: 20/24 MP: 2/2
   509 | D:1      | Found a faded altar of an unknown god.
  1155 | D:2      | Noticed Sigmund
  1176 | D:2      | Killed Sigmund
  1177 | D:2      | Reached skill level 5 in Axes
  1177 | D:2      | Reached XP level 3. HP: 8/29 MP: 3/3
  1177 | D:2      | Gained mutation: Spells you cast may paralyse nearby
                  | enemies. [demonic ancestry]
  1177 | D:2      | Reached XP level 4. HP: 10/35 MP: 4/4
  1177 | D:2      | Reached XP level 5. HP: 12/41 MP: 5/5
  1435 | D:2      | Noticed Jessica
  1442 | D:2      | Killed Jessica
  2202 | D:2      | Noticed Robin
  2216 | D:2      | Killed Robin
  2433 | D:3      | Reached XP level 6. HP: 47/47 MP: 6/6
  2673 | D:3      | Reached skill level 1 in Dodging
  2938 | D:3      | Learned a level 1 spell: Sting
  3513 | D:3      | Found an iron altar of Okawaru.
  3513 | D:3      | Found a sacrificial altar of Ru.
  3513 | D:3      | Found a shimmering blue altar of Sif Muna.
  3754 | D:3      | Reached skill level 1 in Poison Magic
  4088 | D:4      | Reached XP level 7. HP: 44/52 MP: 6/8
  4298 | D:4      | Reached skill level 1 in Spellcasting
  4298 | D:4      | Reached skill level 1 in Transmutations
  4409 | D:4      | Learned a level 2 spell: Poisonous Vapours
  4414 | D:4      | Learned a level 4 spell: Olgreb's Toxic Radiance
  4436 | D:4      | Got Erie's Grimoire of the Quantum Frostbite
  4554 | D:4      | Reached skill level 2 in Poison Magic
  4635 | D:4      | Reached skill level 1 in Air Magic
  5101 | D:4      | Found Woiga's Antique Weapon Shop.
  5109 | D:4      | Bought a runed war axe for 149 gold pieces
  5334 | D:4      | Reached skill level 3 in Poison Magic
  5575 | D:5      | Entered Level 5 of the Dungeon
  5586 | D:5      | Gained mutation: You have a pair of small antennae on your
                  | head. [demonic ancestry]
  5586 | D:5      | Reached XP level 8. HP: 47/58 MP: 8/11
  5834 | D:5      | Reached skill level 4 in Poison Magic
  5888 | D:5      | Found a burning altar of Makhleb.
  6052 | D:3      | Became a worshipper of Sif Muna the Loreminder
  6822 | D:6      | Found a staircase to the Ecumenical Temple.
  6898 | D:6      | Reached skill level 5 in Poison Magic
  7051 | D:6      | Reached * piety under Sif Muna
  7082 | D:6      | Found a stormy altar of Qazlal.
  7341 | D:6      | Gained mutation: You have a pair of antennae on your head.
                  | [demonic ancestry]
  7341 | D:6      | Reached XP level 9. HP: 57/64 MP: 9/13
  7346 | D:6      | Reached skill level 6 in Poison Magic
  7942 | D:6      | Reached ** piety under Sif Muna
  7943 | D:6      | Reached skill level 7 in Poison Magic
  8239 | D:7      | Reached skill level 5 in Shields
  8244 | D:7      | Reached skill level 1 in Invocations
  8501 | D:7      | Reached skill level 1 in Stealth
  8894 | D:7      | Found a bloodstained altar of Trog.
  9180 | D:8      | Noticed a komodo dragon
  9189 | D:8      | Killed a komodo dragon
  9190 | D:8      | Reached XP level 10. HP: 47/71 MP: 10/14
  9383 | D:8      | Reached skill level 8 in Poison Magic
  9511 | D:8      | Found a staircase to the Lair.
  9903 | D:8      | Found an ancient bone altar of Kikubaaqudgha.
 10191 | D:9      | Found a staircase to the Orcish Mines.
 10208 | D:9      | Reached *** piety under Sif Muna
 10209 | D:9      | Reached skill level 5 in Fighting
 10819 | D:9      | Reached skill level 9 in Poison Magic
 10820 | D:9      | Reached XP level 11. HP: 66/80 MP: 7/15
 11886 | D:10     | Entered Level 10 of the Dungeon
 11886 | D:10     | Noticed Erica
 11890 | D:10     | Reached **** piety under Sif Muna
 12160 | D:10     | Killed Erica
 12161 | D:10     | Reached skill level 5 in Invocations
 12164 | D:10     | Slain by a wight

Illustrated notes

Levels and vault maps discovered:
D:1:      saegor_arrival_simple_c, layout_loops_corners,
          hellmonk_ecumenical_altar_slurped_away
D:2:      layout_basic, st_stairs_6, uniq_jessica, uniq_robin, uniq_sigmund
D:3:      layout_basic, lemuel_coloured_pillars_altar,
          gammafunk_temple_overflow_claw, minmay_vboxes
D:4:      kb_forest_paths, layout_basic, serial_shops, shop,
          cheibrodos_gnoll_hut
D:5:      layout_gridville, mainiacjoe_overflow_paths
D:6:      kennysheep_steamy, layout_basic, old_standard_altar,
          minmay_temple_entry_slanted, kennysheep_generic_room_14
D:7:      layout_basic, lemuel_round_altar, hangedman_minor_gate_pass
D:8:      layout_rooms, mainiacjoe_overflow_catwalk, erik_lair_dragon
D:9:      layout_loops_corners, david_orc_2, minmay_fountain_box,
          dk_rats_in_the_wall
D:10:     layout_basic, minmay_overflow_temple_star_quad,
          minmay_fractal_squares_gapless_5, uniq_joseph, uniq_erica

Skill      XL: |  1  2  3  4  5  6  7  8  9 10 11 |
---------------+----------------------------------+-----
Axes           | 2 5 6 7 |  7.1
Dodging        | 1 2 3 |  3.0
Shields        | 3 4 5 6 7 |  7.2
Poison Magic   | 1 3 5 7 9 |  9.3
Armour         | 3 |  3.0
Spellcasting   | 2 3 |  3.0
Transmutations | 2 3 |  3.0
Air Magic      | 1 3 4 |  4.0
Invocations    | 2 4 5 |  5.1
Stealth        | 1 3 |  3.8
Fighting       | 4 5 |  5.4

Action                   |  1- 3 |  4- 6 |  7- 9 | 10-12 || total
-------------------------+-------+-------+-------+-------++-------
Melee: War axe           |    58 |   159 |   283 |   130 ||   630
Throw: Dart              |       |       |     3 |       ||     3
 Cast: Sting             |       |       |    75 |     5 ||    80
       Poisonous Vapours |       |       |     7 |       ||     7
       Olgreb's Toxic Ra |       |       |    11 |    42 ||    53
Evoke: Wand              |       |       |       |     2 ||     2
  Use: Potion            |     1 |       |       |     2 ||     3
       Scroll            |       |       |     7 |       ||     7
 Stab: Sleeping          |       |     1 |     2 |       ||     3
       Paralysed         |       |       |    80 |    39 ||   119
       Distracted        |       |       |       |     1 ||     1
Armor: Scale mail        |    19 |       |       |       ||    19
       Robe              |       |    62 |    48 |       ||   110
       Steam dragon scal |       |       |    10 |    10 ||    20
       Troll leather arm |       |       |       |    13 ||    13
Dodge: Dodged            |    26 |   112 |   139 |    82 ||   359
       Repelled          |       |       |     2 |     2 ||     4
Block: Buckler           |    11 |    36 |    57 |    37 ||   141
